 Dungeon Crawl Stone Soup version 0.26.0-45-g9c1d065592 (webtiles) character file.

Game seed: 6654669339713106410

119 soggyman666 the Grave Robber (level 4, 0/36 HPs)
             Began as a Deep Dwarf Necromancer on Jan 29, 2021.
             Slain by a gnoll
             ... wielding a +0 spear
              (2 damage)
             ... on level 3 of the Dungeon.
             The game lasted 00:08:11 (2221 turns).

soggyman666 the Grave Robber (DDNe)                 Turns: 2221, Time: 00:08:12

Health: 0/36       AC:  5    Str: 13    XL:     4   Next: 74%
Magic:  1/7        EV: 12    Int: 15    God:
Gold:   123        SH:  0    Dex: 19    Spells: 4/8 levels left

rFire    . . .     SeeInvis .     - Unarmed
rCold    . . .     Faith    .   (no shield)
rNeg     . . .     Spirit   .   b - +0 ring mail
rPois    .         Reflect  .   (no helmet)
rElec    .         Harm     .   (no cloak)
rCorr    .         Rampage  .   (no gloves)
Will     .....                  (no boots)
Stlth    ++........             (no amulet)
HPRegen  0.00/turn              e - +6 ring of dexterity
MPRegen  0.10/turn              (no ring)

@: non-regenerating
A: damage resistance, heal wounds, sense surroundings 1, no regeneration
a: Heal Wounds


You were on level 3 of the Dungeon.
You visited 1 branch of the dungeon, and saw 3 of its levels.

You collected 123 gold pieces.

Inventory:

Armour
 b - a +0 ring mail (worn)
Jewellery
 e - a +6 ring of dexterity (left hand)
Scrolls
 a - a scroll of identify
 c - a scroll of amnesia
 h - a scroll of teleportation {unknown}
 i - a scroll of magic mapping
Potions
 d - 2 potions of curing {unknown}
 f - a potion of degeneration {unknown}
 g - a potion of might {unknown}
 j - a potion of heal wounds {unknown}
 k - a potion of attraction {unknown}
 l - a potion of cancellation {unknown}
 m - a potion of haste {unknown}


   Skills:
 + Level 0.2 Fighting
 + Level 1.2 Armour
 + Level 2.5 Dodging
 + Level 2.7 Stealth
 + Level 1.2 Unarmed Combat
 + Level 2.6 Spellcasting
 + Level 5.2 Necromancy


You had 4 spell levels left.
You knew the following spells:

 Your Spells              Type           Power        Failure   Level
a - Pain                  Necr           68%          4%          1
b - Vampiric Draining     Necr           8%           16%         3

Your spell library contained the following spells:

 Spells                   Type           Power        Failure   Level
 Animate Skeleton         Necr           34%          4%          1
 Animate Dead             Necr           8%           45%         4
 Agony                    Necr           17%          80%         5


Dungeon Overview and Level Annotations

Branches:
Dungeon (3/15)

Altars:


Innate Abilities, Weirdness & Mutations

You are resistant to damage.
You can heal yourself by infusing magical energy.
You passively map a small area around you.
You do not regenerate.


Message History

The gnoll is severely wounded.
The gnoll hits you with a +0 spear!
* * * LOW HITPOINT WARNING * * *
The gnoll closely misses you.
You hit the gnoll.
You kill the gnoll!
The gnoll barely misses you.
Your Unarmed Combat skill increases to level 1!
The gnoll hits you with a +0 spear.
You see here a +0 spear.
You hit the gnoll.
The gnoll is lightly wounded.
The gnoll hits you but does no damage.
You hit the gnoll.
The gnoll is moderately wounded.
The gnoll hits you with a +0 spear.
You hit the gnoll.
The gnoll is moderately wounded.
The gnoll hits you with a +0 spear.
You die...

** , * #.# * ,*≈ ≈ #.# **
* ,*, ≈ #.# * ,### ###.# ,
, ..###.*#.########### *
,* *#.#..# #.##...)≈.≈))
#,*#.#..# #.##≈....≈≈≈† ,
...#.##.#..###.##.†≈≈≈≈≈≈≈
* *
#.......@.........≈≈≈≈≈≈≈
,
#.#.....g......#.≈≈≈≈≈≈≈≈
* ####.#..####).≈≈≈≈≈..≈≈
* * *#.#..# ##..≈≈≈≈._♣≈ ,
, .....# #..≈≈≈≈≈..≈ *
#####.# #..≈≈≈≈≈≈≈≈ * *
#.# #..≈≈≈≈≈≈≈≈ #.. ,
..≈.≈≈≈≈≈≈≈ ## * .≈...≈.≈


You could see a gnoll.

Vanquished Creatures
  A worker ant (D:2)
  3 gnolls (D:3)
  2 adders (D:2)
  2 worms
  A dart slug (D:1)
  A leopard gecko (D:1)
  3 orcs (D:3)
  5 bats
  A giant cockroach (D:2)
  3 goblins
  6 hobgoblins
  2 jackals (D:2)
  A quokka (D:3)
  A frilled lizard (D:3)
  3 kobolds
  2 rats (D:2)
37 creatures vanquished.

Notes
Turn   | Place    | Note
-------+----------+-------------------------------------------
     0 | D:1      | soggyman666 the Deep Dwarf Necromancer began the quest for
                  | the Orb.
     0 | D:1      | Reached XP level 1. HP: 15/15 MP: 3/3
   273 | D:1      | Reached XP level 2. HP: 13/22 MP: 0/4
   989 | D:2      | HP: 1/22 [jackal (2)]
  1071 | D:2      | Reached skill level 5 in Necromancy
  1071 | D:2      | Reached XP level 3. HP: 25/28 MP: 0/6
  1075 | D:2      | Learned a level 3 spell: Vampiric Draining
  1229 | D:2      | Reached skill level 1 in Armour
  1494 | D:2      | Reached XP level 4. HP: 35/36 MP: 4/7
  2083 | D:3      | Found a faded altar of an unknown god.
  2218 | D:3      | Reached skill level 1 in Unarmed Combat
  2221 | D:3      | Slain by a gnoll

Illustrated notes

Levels and vault maps discovered:
D:1:      wheals_arrival_shading, layout_basic, kennysheep_crisscross,
          minivault_5
D:2:      layout_basic
D:3:      kennysheep_big_flooded_room, layout_loops_ring,
          chequers_ecumenical_altar_island, serial_rivers,
          chequers_serial_rivers_micro_c, chequers_serial_rivers_large_a,
          chequers_serial_rivers_micro_b, chequers_serial_rivers_micro_b,
          ebering_ghost_rock_garden, led_sif_pool

Skill      XL: |  1  2  3  4 |
---------------+-------------+-----
Spellcasting   | 2 |  2.6
Necromancy     | 5 |  5.2
Armour         | 1 |  1.2
Unarmed Combat | 1 |  1.2
Fighting       | |  0.2
Dodging        | |  2.5
Stealth        | |  2.7

Action                   |  1- 3 |  4- 6 || total
-------------------------+-------+-------++-------
Melee: Unarmed           |    73 |    42 ||   115
 Cast: Pain              |    39 |    20 ||    59
       Vampiric Draining |     1 |     4 ||     5
 Abil: Heal Wounds       |     3 |       ||     3
  Use: Scroll            |     4 |       ||     4
 Stab: Sleeping          |     1 |       ||     1
Armor: Ring mail         |    37 |    15 ||    52
       Robe              |     4 |       ||     4
Dodge: Dodged            |    61 |    42 ||   103
